Map: Dusk Towers

Players

MorN

  • Race: Terran Terran
  • League: Master

Apocalypse - Winner!

  • Race: Protoss Protoss
  • League: Master

VOD

Have the link to the VOD?

Description

Time

  • Played on: Dec. 2, 2015, 11:19 p.m.
  • Length: 19:34
Show
View Real Time Build Order
Export as new Build Order

MorN Terran 

Build Orders: Cyclone Opening, MMM Bio 

Get SALT Encoding   

  12  0:00  SCV  
  13  0:12  SCV  
  14  0:17  Supply Depot  
  14  0:25  SCV  
  15  0:39  SCV  
  15  0:40  Barracks  
  16  0:46  Refinery  
  16  0:51  SCV  
  17  1:03  SCV  
  18  1:17  SCV  
  19  1:27  Marine  
  19  1:29  Orbital Command  
  20  1:39  Command Center  
  20  1:49  Factory  
  20  1:59  Marine  
  21  2:03  Supply Depot  
  21  2:05  SCV  
  22  2:17  SCV  
  23  2:24  Marine  
  24  2:30  SCV  
  24  2:33  Factory Tech Lab  
  24  2:35  Barracks  
  25  2:44  SCV  
  26  2:54  Command Center  
  26  2:56  Cyclone  
  29  3:04  Orbital Command  
  29  3:07  Marine  
  30  3:15  Refinery  
  30  3:17  SCV  
  31  3:21  Engineering Bay  
  31  3:26  Marine  
  32  3:29  SCV  
  33  3:37  Factory Reactor  
  33  3:39  Barracks  
  33  3:45  SCV, Stimpack  
  34  3:53  SCV  
  34  3:55  Barracks Tech Lab  
  35  3:56  Supply Depot  
  35  3:58  SCV  
  36  4:05  SCV  
  36  4:09  Refinery  
  37  4:10  SCV  
  37  4:11  Orbital Command  
  38  4:17  Terran Infantry Weapons Level 1  
  38  4:18  SCV  
  38  4:22  SCV  
  40  4:30  SCV  
  41  4:33  Refinery  
  41  4:34  SCV  
  41  4:35  Factory Reactor  
  41  4:37  Starport  
  42  4:38  Marine x2  
  42  4:39  Marine  
  42  4:40  SCV  
  42  4:43  SCV  
  47  4:47  Supply Depot  
  47  4:50  SCV  
  47  4:52  SCV, Marine  
  49  4:56  Marine  
  49  4:59  SCV  
  52  5:02  SCV, Combat Shields, Marauder  
  52  5:06  SCV  
  56  5:17  SCV x2  
  56  5:20  Medivac  
  56  5:21  Medivac  
  62  5:23  Factory Reactor, Marauder  
  62  5:25  Marine x2, Marauder  
  62  5:27  SCV  
  69  5:31  Supply Depot  
  69  5:35  SCV  
  69  5:40  SCV  
  67  5:46  Concussive Shells  
  67  5:48  Orbital Command  
  67  5:49  SCV  
  69  5:50  Marine x2  
  69  5:51  Marauder x2  
  72  6:12  SCV x2  
  72  6:14  Marine x3  
  77  6:18  Supply Depot  
  77  6:20  Terran Infantry Armor Level 1  
  77  6:21  Supply Depot  
  77  6:30  Supply Depot  
  77  6:31  SCV x2, Medivac x2  
  77  6:32  Marauder  
  85  6:33  SCV  
  84  6:40  Marauder  
  81  6:51  SCV x3  
  80  7:02  Barracks  
  80  7:03  SCV x3, Refinery, Barracks  
  83  7:11  Widow Mine x2  
  83  7:15  Medivac x2  
  91  7:21  Armory, SCV x2  
  93  7:24  Engineering Bay  
  93  7:27  SCV  
  94  7:33  SCV x2  
  94  7:34  Marine  
  94  7:35  Supply Depot, Marauder x2, Marine  
  102  7:42  Starport  
  102  7:46  SCV x2  
  102  7:47  SCV  
  101  7:57  Marine x2  
  101  7:58  SCV, Marauder x2  
  101  7:59  SCV, Barracks Tech Lab, Barracks Reactor  
  101  8:01  Medivac x2  
  107  8:12  Supply Depot, Terran Infantry Weapons Level 2  
  107  8:15  Marine x2  
  107  8:16  Widow Mine x2  
  107  8:19  Marauder  
  117  8:20  Marauder  
  114  8:30  Marine  
  114  8:32  Starport Tech Lab  
  114  8:33  Marine  
  113  8:36  Fusion Core  
  113  8:41  Marauder x2  
  108  8:44  Marine x2  
  108  8:46  Marine  
  105  8:49  Marauder  
  105  8:50  Marine  
  105  8:53  Liberator x2  
  104  9:02  Marauder x2, Marine x2  
  103  9:07  Marine  
  103  9:08  Marine  
  105  9:10  Marauder  
  105  9:16  Command Center  
  114  9:17  SCV x2  
  114  9:23  Advanced Ballistics  
  114  9:24  Marauder x2  
  119  9:30  Marine x3  
  122  9:31  Marauder  
  124  9:41  Terran Infantry Armor Level 2  
  124  9:46  Terran Vehicle And Ship Armor Level 1  
  124  9:49  Marine  
  124  9:50  Supply Depot  
  124  9:51  Supply Depot x2  
  125  9:55  Liberator  
  125  10:12  Marauder x2, Supply Depot, Marine x4, Widow Mine x2  
  125  10:13  Marauder  
  134  10:27  Barracks  
  134  10:28  Barracks  
  134  10:29  Barracks  
  134  10:30  Marine x4  
  134  10:33  Planetary Fortress, Marine  
  134  10:34  Marauder x2  
  143  10:36  Missile Turret  
  143  10:45  Liberator  
  143  10:47  Marine x4  
  143  10:51  Widow Mine x2  
  143  10:52  Marauder  
  143  10:54  Marine  
  143  10:55  Marauder  
  149  11:05  Marine x4  
  149  11:07  Medivac x2  
  157  11:12  Marine  
  157  11:13  Marine  
  157  11:16  Marine  
  160  11:23  Marine  
  161  11:25  Barracks Tech Lab  
  161  11:26  Barracks Reactor, Barracks Tech Lab  
  161  11:29  Marine  
  161  11:30  Marine x2  
  161  11:31  Refinery, Marauder x2  
  161  11:32  Refinery  
  168  11:34  Marauder  
  168  11:37  Medivac  
  172  11:42  Ghost Academy  
  172  11:51  Marine  
  172  12:02  Supply Depot  
  172  12:03  Supply Depot  
  172  12:05  Marine x2  
  172  12:06  Marauder x2, Medivac  
  180  12:10  Supply Depot  
  180  12:22  Command Center  
  180  12:23  Marine x4  
  180  12:24  Marauder x2  
  180  12:25  SCV x2, Marauder, Marine x2  
  180  12:27  Marauder  
  200  12:47  Personal Cloaking  
  196  13:01  Command Center, Terran Infantry Weapons Level 3  
  196  13:02  Terran Infantry Armor Level 3  
  193  13:22  Marine x3  
  193  13:23  Marauder  
  193  13:32  Widow Mine x2  
  193  13:33  Medivac  
  199  13:47  Ghost x3  
  199  13:48  Ghost x2  
  195  13:49  Medivac  
  196  14:07  Marine x2  
  198  14:14  Command Center  
  198  14:16  Ghost  
  196  14:49  Marine  
  196  14:50  Marine  
  196  14:51  Marine x2  
  147  16:13  Liberator  
  147  16:16  Marine x2  
  147  16:17  Marine x2, Marauder x5  
  147  16:18  Widow Mine x2, Medivac x2  
  167  16:31  Liberator x2  
  166  16:38  Marauder x2  
  158  16:52  Marine x3  
  158  16:53  Marauder  
  115  17:13  Marine x2  
  115  17:14  Marauder  
  113  17:22  Planetary Fortress  
  113  17:27  Marine x2  
  113  17:28  Marine x2, Widow Mine x2, Marauder x4  
  113  17:29  Medivac  
  131  17:30  Medivac  
  131  17:35  Marauder  
  135  17:37  Marine x2  
  137  17:47  Refinery  
  137  17:49  Missile Turret, Marauder  
  137  17:50  Orbital Command, Marauder x3  
  137  17:51  Marine x2  
  145  17:52  Refinery, Marine  
  145  17:53  Marine  
  145  17:57  Marauder, Widow Mine x2  
  162  18:16  Viking x3  
  159  18:24  Marine  
  159  18:25  Marauder x5  
  137  18:37  Marine x2  
  137  18:39  Marine x2  
  129  18:46  Marauder x4, Viking x2, Medivac  
  129  18:47  Marine x2  
  135  18:48  Marauder  
  135  18:55  Marine  
  128  19:13  Marine x2  
  128  19:15  Marine x2  
Show
View Real Time Build Order
Export as new Build Order

Apocalypse Protoss - Winner!

Build Orders: 1 Gate Expand 

Get SALT Encoding   

  12  0:01  Probe (Chrono Boost)  
  13  0:11  Probe (Chrono Boost)  
  14  0:17  Pylon  
  14  0:22  Probe (Chrono Boost)  
  15  0:36  Probe (Chrono Boost), Gateway  
  15  0:42  Assimilator  
  16  0:46  Probe (Chrono Boost)  
  18  0:57  Probe (Chrono Boost)  
  18  1:07  Probe (Chrono Boost)  
  19  1:18  Probe (Chrono Boost)  
  20  1:24  Nexus  
  20  1:28  Probe (Chrono Boost)  
  21  1:37  Cybernetics Core  
  22  1:40  Probe (Chrono Boost)  
  22  1:48  Pylon  
  22  1:50  Probe (Chrono Boost)  
  23  1:55  Assimilator  
  23  2:06  Probe (Chrono Boost)  
  24  2:15  Adept, Warp Gate  
  26  2:17  Mothership Core (Chrono Boost)  
  28  2:26  Forge  
  28  2:35  Probe (Chrono Boost)  
  29  2:39  Probe (Chrono Boost)  
  29  2:42  Adept  
  32  2:47  Probe (Chrono Boost)  
  32  2:50  Probe (Chrono Boost)  
  34  2:57  Probe (Chrono Boost)  
  35  2:58  Protoss Ground Armor Level 1 (Chrono Boost)  
  35  2:59  Probe (Chrono Boost)  
  36  3:07  Robotics Facility  
  36  3:09  Probe  
  37  3:13  Probe  
  37  3:18  Adept  
  40  3:21  Probe  
  40  3:23  Probe  
  42  3:27  Pylon  
  42  3:33  Probe  
  42  3:34  Probe  
  44  3:44  Probe  
  44  3:45  Probe, Adept  
  48  3:49  Gateway x2  
  48  3:55  Probe  
  48  3:56  Warp Prism  
  51  4:04  Probe  
  51  4:05  Probe  
  53  4:13  Twilight Council  
  53  4:15  Assimilator  
  53  4:16  Probe  
  54  4:18  Pylon  
  54  4:22  Assimilator  
  54  4:23  Pylon  
  54  4:35  Probe  
  54  4:36  Probe  
  54  4:37  Observer  
  57  4:38  Sentry, Protoss Ground Armor Level 2 (Chrono Boost)  
  59  4:45  Probe  
  59  4:49  Probe  
  59  4:51  Resonating Glaives  
  61  4:56  Probe  
  61  4:58  Sentry  
  61  4:59  Adept  
  66  5:01  Probe  
  66  5:03  Nexus  
  67  5:07  Probe  
  67  5:13  Probe  
  69  5:19  Probe  
  70  5:21  Pylon  
  70  5:22  Pylon  
  70  5:24  Pylon  
  70  5:39  Probe x2  
  70  5:40  Immortal (Chrono Boost)  
  76  5:44  Adept x3  
  82  5:51  Probe x2, Pylon  
  82  5:53  Pylon  
  82  5:54  Pylon  
  84  6:03  Probe x2  
  84  6:12  Sentry x3  
  84  6:15  Immortal (Chrono Boost)  
  84  6:16  Probe x2  
  96  6:21  Probe  
  96  6:24  Assimilator  
  97  6:26  Assimilator  
  97  6:28  Probe  
  97  6:29  Probe, Pylon  
  97  6:31  Blink  
  97  6:32  Probe  
  100  6:40  Probe  
  100  6:41  Probe  
  100  6:42  Adept x3  
  100  6:43  Protoss Ground Armor Level 3  
  108  6:51  Probe  
  108  6:53  Probe  
  102  6:56  Gateway  
  102  6:57  Gateway  
  102  7:01  Gateway  
  102  7:02  Gateway, Photon Cannon  
  102  7:04  Photon Cannon  
  102  7:12  Immortal (Chrono Boost)  
  106  7:15  Stalker  
  106  7:16  Stalker  
  106  7:20  Stalker  
  112  7:30  Probe  
  112  7:32  Probe x2  
  112  7:34  Templar Archives  
  115  7:40  Stalker x2  
  119  7:45  Gateway  
  119  7:47  Gateway  
  119  7:48  Immortal (Chrono Boost)  
  121  7:57  Probe x2  
  123  7:59  Stalker  
  123  8:04  Gateway  
  125  8:06  Stalker  
  125  8:07  Stalker x3, Photon Cannon  
  125  8:10  Sentry x2  
  137  8:22  Probe  
  137  8:23  Probe, Nexus, Psionic Storm  
  131  8:35  Adept x2  
  117  8:51  Probe x2  
  111  9:04  Probe  
  111  9:05  Adept x5  
  111  9:06  Adept x2  
  111  9:08  Immortal (Chrono Boost)  
  111  9:09  Charge  
  130  9:14  Protoss Ground Weapons Level 1, Assimilator  
  130  9:19  Sentry x2, Assimilator  
  130  9:21  Pylon  
  130  9:22  Pylon  
  134  9:24  Pylon  
  134  9:25  Gateway  
  134  9:26  Stalker, Pylon  
  134  9:29  Pylon  
  136  9:35  Probe  
  136  9:36  Probe x2  
  139  9:40  Stalker x3  
  139  9:43  High Templar  
  139  9:44  High Templar x2  
  151  9:51  Probe  
  151  9:52  Probe x2  
  153  9:57  Immortal (Chrono Boost)  
  153  9:59  Zealot x3  
  164  10:06  Probe  
  164  10:08  Probe x2  
  164  10:11  Photon Cannon  
  164  10:13  Photon Cannon  
  165  10:20  Probe x2  
  163  10:26  High Templar x4  
  171  10:32  Immortal (Chrono Boost)  
  171  10:34  Robotics Bay  
  175  10:41  Zealot  
  175  10:42  Zealot x3  
  179  10:45  Forge  
  179  10:59  Nexus, Protoss Ground Weapons Level 2 (Chrono Boost)  
  179  11:07  Zealot  
  181  11:13  Pylon  
  181  11:15  Pylon  
  181  11:18  Robotics Bay, Pylon  
  181  11:20  Pylon  
  181  11:25  Pylon  
  181  11:32  Immortal (Chrono Boost)  
  185  11:36  Dark Shrine  
  185  11:49  Adept x7  
  199  12:19  Robotics Facility  
  199  12:22  Pylon  
  199  12:25  Gateway  
  199  12:39  Protoss Shields Level 1 (Chrono Boost)  
  199  12:42  Gravitic Drive  
  199  12:45  Nexus  
  199  12:52  Pylon  
  199  12:54  Pylon  
  199  12:55  Pylon  
  199  12:58  Pylon  
  197  13:11  Zealot x2  
  194  13:20  Dark Templar  
  194  13:21  Dark Templar x2  
  194  13:24  Dark Shrine  
  198  13:27  Archon  
  198  13:32  Zealot x2  
  198  13:33  Zealot x2  
  192  13:38  Zealot x2  
  192  13:39  Stalker x2  
  196  13:45  Mothership Core  
  198  13:48  Zealot  
  196  14:14  Pylon  
  196  14:19  Pylon x2  
  196  14:21  Pylon  
  196  14:23  Photon Cannon  
  196  14:25  Photon Cannon  
  196  14:36  Pylon  
  194  14:53  Robotics Facility  
  194  15:03  Dark Templar x3  
  194  15:25  Nexus  
  194  15:26  Colossus  
  200  15:31  Pylon  
  200  15:33  Pylon x2  
  152  16:06  Archon  
  152  16:10  High Templar x5  
  126  16:15  Stalker x4  
  126  16:16  Stalker x3  
  138  16:37  Colossus  
  138  16:39  Colossus x2  
  150  16:41  Extended Thermal Lance  
  150  16:45  Protoss Ground Weapons Level 3 (Chrono Boost)  
  152  16:51  Zealot x5  
  152  16:52  Zealot x4  
  120  17:10  Zealot  
  120  17:11  Zealot x3  
  128  17:15  Zealot  
  128  17:16  Zealot x7  
  142  17:31  Colossus  
  142  17:33  Stalker x2, Observer  
  142  17:34  Stalker  
  142  17:35  Stalker  
  157  17:39  Assimilator  
  157  17:43  High Templar x3, Assimilator  
  157  17:44  High Templar x2  
  165  17:45  Photon Cannon, High Templar  
  165  17:47  Photon Cannon  
  165  17:50  Adept x2, Photon Cannon  
  173  17:52  Photon Cannon  
  173  17:54  Assimilator  
  173  17:59  Assimilator  
  173  18:01  Adept  
  173  18:02  Adept x3  
  179  18:16  Immortal x2  
  179  18:18  Adept x3  
  179  18:19  Adept x3  
  183  18:37  Colossus  
  171  18:44  Adept x7  
  171  18:45  Stalker x4  
  171  18:46  Stalker  
  183  19:13  Archon  
  172  19:22  Probe  
  164  19:25  Adept x7  
  164  19:26  Adept x5  
Tags
 
Add a new tag
Caveats
  • Supply blocks, unpowered buildings, or Contaminate may cause inaccurate times.
  • Supply counts are checked every 10 seconds.